 Dungeon Crawl Stone Soup version 0.30-a0-1164-ge08a67761e (webtiles) character file.

Game seed: 11405024579837162596

2137692 cojito the Metallomancer (level 27, 281/281 HPs)
             Began as a Grey Draconian Conjurer on Apr 29, 2023.
             Was the Champion of Vehumet.
             Escaped with the Orb
             ... and 4 runes on Apr 30, 2023!
             The game lasted 05:12:41 (86922 turns).

cojito the Metallomancer (Grey Draconian Conjurer) Turns: 86922, Time: 05:12:41

Health: 281/281    AC: 24    Str: 12    XL:     27
Magic:  47/47      EV: 21    Int: 34    God:    Vehumet [******]
Gold:   10428      SH: 11    Dex: 15    Spells: 12/67 levels left

rFire   + + .        b - staff of earth
rCold   + + +        X - +3 warlock's mirror {omnireflect}
rNeg    + + .        (body armour unavailable)
rPois   .            s - +0 mask of the Dragon {Will+ Slay+3 SInv}
rElec   +            U - scarf {rC+ rF+}
rCorr   .            E - +2 pair of gloves {Stlth+}
SInv    +            d - +1 pair of boots "Birum" {+Inv rF+ Dex-2}
Will    ++++.        D - amulet "Jofeoh" {Rampage rC+ rN+ Regen+}
Stlth   ++           T - ring "Ecilonko" {+Blink Will+ Str+4 Int+4 Dex+3}
HPRegen 1.46/turn    p - ring of the Heavens {rElec rC+ rN+ Stlth-}
MPRegen 0.30/turn

%: reflection, rampage
@: studying Throwing
A: AC +18, amphibious, unfitting armour, cold-blooded, agile 1, robust 1, shaggy
fur 1, weak 1
0: Orb of Zot
}: 4/15 runes: serpentine, barnacled, slimy, silver
a: Renounce Religion, Evoke Blink, Evoke Invisibility


You escaped.
You worshipped Vehumet.
Vehumet was exalted by your worship.
You visited 12 branches of the dungeon, and saw 56 of its levels.
You visited 1 ziggurat, and saw 16 of its levels.
You also visited: Trove, Bailey, Gauntlet, Ice Cave, Volcano and Wizlab.

You collected 13453 gold pieces.
You spent 3025 gold pieces at shops.

Inventory:

Missiles
 w - 8 throwing nets (quivered)
Armour
 d - the +1 pair of boots "Birum" (worn) {+Inv rF+ Dex-2}
   (You bought it in a shop on level 2 of the Elven Halls)

   Dex:       It affects your dexterity (-2).
   rF:        It protects you from fire.
   +Inv:      It lets you turn invisible.
 e - the +1 cloak of Qoajy {rPois rF- rN+ Str+4}
   (You bought it in a shop on level 1 of the Vaults)

   Str:       It affects your strength (+4).
   rF:        It makes you vulnerable to fire.
   rPois:     It protects you from poison.
   rN:        It protects you from negative energy.
 s - the +0 mask of the Dragon (worn) {Will+ Slay+3 SInv}
   (You found it in a treasure trove)

   Slay:      It affects your accuracy & damage with ranged weapons and melee
   (+3).
   SInv:      It lets you see invisible.
   Will:      It increases your willpower.
 E - a +2 pair of gloves of stealth (worn)
 U - a scarf of resistance (worn)
 X - the +3 warlock's mirror (worn) {omnireflect}
   (You bought it in a shop on level 2 of the Snake Pit)

   Omnireflect: It can block and reflect piercing ranged attacks and magical
   attacks against the wielder's willpower.
Magical Staves
 a - the staff of conjuration "Luntase" {Dex+3}
   (You found it on level 3 of the Elven Halls)

   [staff of conjuration]

   Base accuracy: +5 Base damage: 5 Base attack delay: 1.2 This weapon's minimum
   attack delay (0.6) is reached at skill level 12.
   Dex:       It affects your dexterity (+3).
   It falls into the 'Staves' category.
   It is a one-handed weapon.
 b - a staff of earth (weapon)
 Z - the staff of poison "Ocetteo" {rElec rPois rC+ Int+3}
   (You found it on level 14 of a ziggurat)

   [staff of poison]

   Base accuracy: +5 Base damage: 5 Base attack delay: 1.2 This weapon's minimum
   attack delay (0.6) is reached at skill level 12.
   Int:       It affects your intelligence (+3).
   rC:        It protects you from cold.
   rElec:     It insulates you from electricity.
   rPois:     It protects you from poison.
   It falls into the 'Staves' category.
   It is a one-handed weapon.
Jewellery
 c - the ring of the Lumpy Beggars {rC+ EV+5}
   (You took it off a vampire on level 3 of the Crypt)

   [ring of evasion]

   EV:        It affects your evasion (+5).
   rC:        It protects you from cold.
 h - the ring of Nixkeinoho {rC+ rCorr Str+3 SInv}
   (You took it off an ancient champion on level 3 of the Crypt)

   [ring of protection from cold]

   Str:       It affects your strength (+3).
   rC:        It protects you from cold.
   SInv:      It lets you see invisible.
   rCorr:     It protects you from acid and corrosion.
 m - the ring "Adeptiab" {rF+ rC+ rN+ rCorr}
   (You found it on level 11 of a ziggurat)

   [ring of protection from cold]

   rF:        It protects you from fire.
   rC:        It protects you from cold.
   rN:        It protects you from negative energy.
   rCorr:     It protects you from acid and corrosion.
 n - the ring "Giach" {rC+ Will++ Str+6 Dex-2}
   (You found it on level 13 of a ziggurat)

   [ring of protection from cold]

   Str:       It affects your strength (+6).
   Dex:       It affects your dexterity (-2).
   rC:        It protects you from cold.
   Will:      It greatly increases your willpower.
 p - the ring of the Heavens (right hand) {rElec rC+ rN+ Stlth-}
   (You bought it in a shop on level 3 of the Snake Pit)

   [ring of positive energy]

   rC:        It protects you from cold.
   rElec:     It insulates you from electricity.
   rN:        It protects you from negative energy.
   Stlth:     It makes you less stealthy.
 z - the ring of Citeoplu {rF+ rC+ rN+ Str-4 Int+3}
   (You found it on level 7 of a ziggurat)

   [ring of positive energy]

   Str:       It affects your strength (-4).
   Int:       It affects your intelligence (+3).
   rF:        It protects you from fire.
   rC:        It protects you from cold.
   rN:        It protects you from negative energy.
 D - the amulet "Jofeoh" (around neck) {Rampage rC+ rN+ Regen+}
   (You acquired it on level 7 of the Dungeon)

   [amulet of regeneration]

   rC:        It protects you from cold.
   rN:        It protects you from negative energy.
   Regen:     It increases your rate of health regeneration.
   Rampage:   It bestows one free step when moving towards enemies.
 J - the ring of Compassion {Contam rPois rN+ Will+ Str+4}
   (You took it off a daeva on level 3 of the Realm of Zot)

   [ring of poison resistance]

   Str:       It affects your strength (+4).
   rPois:     It protects you from poison.
   rN:        It protects you from negative energy.
   Contam:    It causes magical contamination when unequipped.
   Will:      It increases your willpower.
 T - the ring "Ecilonko" (left hand) {+Blink Will+ Str+4 Int+4 Dex+3}
   (You found it on level 7 of a ziggurat)

   [ring of willpower]

   Str:       It affects your strength (+4).
   Int:       It affects your intelligence (+4).
   Dex:       It affects your dexterity (+3).
   +Blink:    It lets you blink.
   Will:      It increases your willpower.
Wands
 q - a wand of quicksilver (50)
 v - a wand of polymorph (45)
 F - a wand of iceblast (61)
 P - a wand of mindburst (28)
 R - a wand of charming (77)
 Y - a wand of digging (12)
Scrolls
 f - 7 scrolls of magic mapping
 k - 6 scrolls of immolation
 l - 5 scrolls of amnesia
 o - 30 scrolls of teleportation
 t - 6 scrolls of butterflies
 u - 13 scrolls of blinking
 x - 5 scrolls of enchant armour
 A - 11 scrolls of poison
 C - 23 scrolls of fog
 N - 12 scrolls of fear
Potions
 g - 5 potions of cancellation
 i - 6 potions of resistance
 j - 10 potions of ambrosia
 r - 9 potions of might
 B - 10 potions of haste
 H - 8 potions of mutation
 I - 9 potions of invisibility
 K - 4 potions of berserk rage
 L - 16 potions of curing
 M - 2 potions of flight
 O - 13 potions of heal wounds
 S - a potion of brilliance
 V - 4 potions of magic
Miscellaneous
 y - a lightning rod (3/4)
 G - a phial of floods
 Q - a box of beasts
 W - a tin of tremorstones (2/2)


   Skills:
 + Level 22.9 Fighting
 - Level 5.0 Short Blades
 - Level 2.4(9.3) Maces & Flails
 - Level 13.8(14.0) Staves
 + Level 17.7 Dodging
 - Level 14.2 Stealth
 + Level 14.1 Shields
 - Level 20.5 Spellcasting
 - Level 18.6 Conjurations
 - Level 4.0 Hexes
 - Level 8.0 Summonings
 - Level 5.0 Fire Magic
 - Level 5.0 Ice Magic
 - Level 5.0 Air Magic
 + Level 25.7 Earth Magic
 - Level 8.0 Poison Magic
 - Level 15.0 Evocations


You had 12 spell levels left.
You knew the following spells:

 Your Spells              Type           Power      Damage    Failure   Level
a - Plasma Beam           Fire/Air       31%        2x1d48    6%          6
b - Freezing Cloud        Conj/Ice/Air   39%        6-21      1%          5
c - Spellforged Servitor  Conj/Summ      45%        N/A       1%          7
d - Swiftness             Air            62%        N/A       1%          3
e - Mephitic Cloud        Conj/Pois/Air  82%        N/A       1%          3
f - Olgreb's Toxic Radia  Pois           73%        N/A       1%          4
g - Arcjolt               Conj/Air       43%        1d53      1%          5
h - Fireball              Conj/Fire      43%        3d17      1%          5
i - Lehudib's Crystal Sp  Conj/Erth      67%        10d15     1%          8
j - Shatter               Erth           71%        3d52*     1%          9

Your spell library contained the following spells:

 Spells                   Type           Power      Damage    Failure   Level
 Fire Storm               Conj/Fire      43%        8d11      88%         9
 Kiss of Death            Conj/Necr      100%       2d13      0%          1
 Magic Dart               Conj           100%       1d8       0%          1
 Sandblast                Erth           100%       2d20      0%          1
 Shock                    Conj/Air       100%       1d9       0%          1
 Passwall                 Tmut/Erth      92%        N/A       0%          2
 Searing Ray              Conj           100%       2d8       0%          2
 Static Discharge         Conj/Air       100%       2-7/arc   0%          2
 Stone Arrow              Conj/Erth      100%       3d13      0%          3
 Iskenderun's Battlesphe  Conj           100%       2d15      0%          5
 Lee's Rapid Deconstruct  Erth           71%        3d32*     0%          5
 Iron Shot                Conj/Erth      67%        9d12      0%          6
 Apportation              Tloc           68%        N/A       1%          1
 Freeze                   Ice            100%       1d10      1%          1
 Necrotise                Necr           100%       1d9       1%          1
 Sting                    Tmut/Pois      100%       1d8       1%          1
 Blink                    Tloc           68%        N/A       1%          2
 Call Imp                 Summ           100%       N/A       1%          2
 Cigotuvi's Dreadful Rot  Necr/Pois/Air  100%       N/A       1%          2
 Ensorcelled Hibernation  Hex/Ice        100%       N/A       1%          2
 Lesser Beckoning         Tloc           68%        N/A       1%          2
 Momentum Strike          Conj/Tloc      100%       3d10      1%          2
 Poisonous Vapours        Pois/Air       100%       N/A       1%          2
 Scorch                   Fire           100%       2d9       1%          2
 Sublimation of Blood     Necr           34%        N/A       1%          2
 Call Canine Familiar     Summ           73%        N/A       1%          3
 Confusing Touch          Hex            58%        N/A       1%          3
 Dazzling Flash           Conj/Hex       100%       N/A       1%          3
 Frozen Ramparts          Ice            100%       1d16      1%          3
 Hailstorm                Conj/Ice       86%        3d17      1%          3
 Ignite Poison            Fire/Tmut/Pois 59%        N/A       1%          3
 Inner Flame              Hex/Fire       60%        N/A       1%          3
 Ozocubu's Armour         Ice            62%        N/A       1%          3
 Portal Projectile        Hex/Tloc       96%        N/A       1%          3
 Summon Guardian Golem    Hex/Summ       66%        N/A       1%          3
 Tukima's Dance           Hex            58%        N/A       1%          3
 Vhi's Electric Charge    Tloc/Air       100%       N/A       1%          3
 Airstrike                Air            31%        2d(5-21)  1%          4
 Flame Wave               Conj/Fire      86%        2d18      1%          4
 Fulminant Prism          Conj/Hex       42%        3d19      1%          4
 Iskenderun's Mystic Bla  Conj/Tloc      78%        2d16      1%          4
 Leda's Liquefaction      Hex/Erth       58%        N/A       1%          4
 Petrify                  Tmut/Erth      100%       N/A       1%          4
 Sticky Flame             Conj/Fire      86%        2d10      1%          4
 Summon Lightning Spire   Summ/Air       68%        N/A       1%          4
 Borgnjor's Vile Clutch   Necr/Erth      55%        N/A       1%          5
 Irradiate                Conj/Tmut      39%        3d24      1%          5
 Conjure Ball Lightning   Conj/Air       43%        3x3d15    1%          6
 Starburst                Conj/Fire      43%        6d12      1%          6
 Statue Form              Tmut/Erth      74%        N/A       1%          6
 Orb of Destruction       Conj           52%        9d13      1%          7
 Summon Mana Viper        Hex/Summ       66%        N/A       2%          5
 Gell's Gravitas          Tloc           34%        N/A       3%          3
 Teleport Other           Tloc           34%        N/A       3%          3
 Ice Form                 Ice/Tmut       51%        N/A       3%          4
 Yara's Violent Unravell  Hex/Tmut       24%        3d11      3%          5
 Metabolic Englaciation   Hex/Ice        30%        N/A       4%          5
 Silence                  Hex/Air        30%        N/A       4%          5
 Alistair's Intoxication  Tmut/Pois      38%        N/A       6%          5
 Summon Forest            Summ/Tloc      29%        N/A       6%          5
 Summon Cactus Giant      Summ           36%        N/A       6%          6
 Eringya's Noxious Bog    Tmut/Pois      29%        N/A       9%          6
 Animate Dead             Necr           34%        N/A       11%         4
 Dispel Undead            Necr           34%        3d15      11%         4
 Manifold Assault         Tloc           34%        N/A       11%         4
 Ozocubu's Refrigeration  Ice            31%        4d14      28%         7
 Blade Hands              Tmut           17%        N/A       30%         5
 Simulacrum               Ice/Necr       25%        N/A       52%         6
 Death Channel            Necr           17%        N/A       86%         6
 Dispersal                Tloc           17%        N/A       86%         6
 Enfeeble                 Hex            29%        N/A       87%         7
 Haunt                    Necr/Summ      29%        N/A       87%         7
 Malign Gateway           Summ/Tloc      29%        N/A       87%         7
 Chain Lightning          Conj/Air       43%        3d57      88%         9
 Ignition                 Fire           31%        3d10      89%         8
 Maxwell's Capacitive Co  Air            31%        ∞         89%         8
 Summon Horrible Things   Summ           36%        N/A       95%         8
 Storm Form               Tmut/Air       25%        N/A       97%         7
 Borgnjor's Revivificati  Necr           17%        N/A       100%        8
 Discord                  Hex            29%        N/A       100%        8
 Disjunction              Tloc           17%        N/A       100%        8
 Necromutation            Tmut/Necr      17%        N/A       100%        8
 Death's Door             Necr           17%        N/A       100%        9
 Polar Vortex             Ice            31%        N/A       100%        9
 Animate Armour           Summ/Erth      Unusable   N/A       N/A         4

Dungeon Overview and Level Annotations

Branches:
Dungeon (15/15)            Temple (1/1) D:7            Lair (5/5) D:9
 Shoals (4/4) Lair:2        Snake (4/4) Lair:3        Slime (5/5) Lair:5
    Orc (2/2) D:10            Elf (3/3) Orc:2        Vaults (5/5) D:14
  Crypt (3/3) Vaults:3       Tomb (0/3) Crypt:3      Depths (4/4) D:15
    Zot (5/5) Depths:4     Bailey (visited)           IceCv (visited)
Volcano (visited)          WizLab (visited)         Gauntlet (visited)

Altars:
Ashenzari
Cheibriados
Dithmenos
Fedhas
Gozag
Kikubaaqudgha
Okawaru
Qazlal
Ru
Sif Muna
Trog
Vehumet
Xom
Yredelemnul
Zin
Jiyva

Shops:
D:7 ((   Orc:2 *!([   Elf:2 [   Snake:1 *   Snake:2 ![   Snake:3 :==
Vaults:1 *   Zot:4 *   Depths:1 =

Portals:
Hell: Depths:1 Depths:2 Depths:3 Depths:4
Abyss: Zot:3 Depths:2 Depths:3
Pandemonium: Depths:1 Depths:2

Annotations:
D:4 Pikel
D:5 3 runed translucent doors, cheesebisquit's ghost, novice DrFE
Shoals:1 Roxanne
Vaults:5 Mennas
Depths:3 3 runed translucent doors, relicbr's ghost, veteran SpDe
Zot:1 2 transporters
Zot:2 3 transporters, Boris
Zot:3 1 transporter
Zot:5 1 exclusion


Innate Abilities, Weirdness & Mutations

Your dull iron-grey scales are very hard. (AC +18)
You are amphibious.
You cannot fit into any form of body armour.
You are cold-blooded and may be slowed by cold attacks.
You are agile. (Dex +4, Str/Int -1)
You are robust. (+10% HP)
You are covered in fur. (AC +1)
You are weak. (Str -2)


Message History

An Ice Fiend comes into view.
What are your orders? t - Shout!
Orders for allies: a - Attack new target. r - Retreat! s - Stop attacking. g - Guard the area. f - Follow me.
Anything else - Cancel.
Gang up on whom?
Press: ? - help, Dir - move target, f - Ice Fiend
Aim: an Ice Fiend Attack!
Your spellforged servitor gestures at the Ice Fiend while chanting.
The crystal spear hits the Ice Fiend!!!
The Ice Fiend gestures at you.
The bolt of cold hits your spellforged servitor!
Your spellforged servitor resists.
There is a stone staircase leading up, spattered with blood here.
Your spellforged servitor casts a spell at the Ice Fiend.
The crystal spear hits the Ice Fiend!!
The Ice Fiend gestures at your spellforged servitor.
The bolt of cold hits your spellforged servitor.
Your spellforged servitor resists.
You climb upwards.
Level annotation: Pikel
There is a stone staircase leading down here.
There is a stone staircase leading up here.
You climb upwards.
There is a stone staircase leading down here.
Magic restored.
There is a stone staircase leading up here.
You climb upwards.
There is a stone staircase leading down here.
You see here a +0 spear.
You see here a +0 club.
There is a stone staircase leading up here.
You climb upwards.
There is a stone staircase leading down here.
You see here a +0 short sword.
There is a staircase leading out of the dungeon here.
You have escaped!

.÷...###.......## #.#
#.# #.##.##..##.#...##
#.# #.#
#.####...#..##...## #.#
#.# #.###..#.#..###...##
#.# #.# ..##..##....#
##...# #.# #.#
.##..###.##.# ##.)# #.#
#.# ##..## #.##.####...#
#.# #.# ...##
#......#....#####.####.#
..##
#.####.#.@.##..........#
...##
#......#....#.....######
##..##
#..#.####...#######
##..###.##.# ##..#
##..##..#.# ##..##
##..#.#..###...# ###
##...#..##...##
..#####..##.#...##
#.....##.......#####


There were no monsters in sight!

Vanquished Creatures
  the Royal Jelly (Slime:5)
  6 dread liches
  9 ancient liches
  Mara (Depths:2)
  3 orbs of fire (Zot:5)
  The ghost of Pet Giop the Slayer, a veteran OgBe of Trog (Zot:3)
  Boris (twice) (Depths:2 Crypt:2)
  2 Killer Klowns
  Vashnia (Snake:4)
  Saint Roka (Depths:2)
  4 caustic shrikes
  2 shard shrikes (Zig:13)
  4 curse toes
  4 golden dragons
  3 profane servitors
  A pearl dragon (Zig:15)
  An electric golem (Zot:5)
  6 doom hounds
  The ghost of Goociwk the Warrior, an adept GrFi of Cheibriados (Crypt:2)
  7 bone dragons
  5 Ice Fiends
  An iron giant (Zig:5)
  2 Tzitzimimeh
  17 tentacled monstrosities
  A walking crystal tome (Depths:3)
  2 Hell Sentinels
  Grunn (Depths:3)
  8 quicksilver dragons
  2 tainted leviathans (Zig:14)
  14 Orb Guardians (Zot:5)
  6 liches
  14 acid blobs
  4 deep elf blademasters
  2 Executioners
  A titan (Vaults:5)
  2 tentacled starspawn (Zig:15)
  Gastronok (Lair:3)
  13 ancient champions
  7 sphinxes
  2 thorn hunters (Zig:7)
  11 shadow dragons
  5 death cobs
  10 storm dragons
  A fenstrider witch (shapeshifter) (Zot:3)
  Donald (Shoals:3)
  5 tengu reavers
  6 draconian monks
  10 nagarajas
  5 revenants
  14 azure jellies
  5 rockslimes
  A fenstrider witch (Zig:12)
  6 deep elf sorcerers
  A daeva (Zot:3)
  5 fire giants
  2 narguns (Zig:13)
  4 draconian knights
  6 frost giants
  An iron dragon (Vaults:5)
  5 draconian scorchers
  10 vault wardens
  Louise (Snake:1)
  3 curse skulls
  4 ghouls
  2 ghost moths
  A balrug (Depths:4)
  6 draconian shifters
  Aizul (Elf:2)
  2 draconian stormcallers
  A reaper (IceCv)
  3 deep elf elementalists
  3 cacodemons (Zot:1)
  14 quicksilver oozes
  A spriggan defender (Depths:3)
  16 ironbound preservers
  7 draconian annihilators
  5 ironbound thunderhulks
  15 very ugly things
  12 stone giants
  10 vampire knights
  16 green draconians
  A war gargoyle (Vaults:3)
  12 deep elf demonologists
  6 black draconians
  2 minotaurs
  5 wendigos
  3 putrid mouths (Zig:14)
  10 yellow draconians
  A bunyip (Zig:7)
  5 red draconians
  3 eleionomae
  6 dire elephants
  8 white draconians
  2 starcursed masses (Zig:15)
  8 deep elf annihilators
  6 purple draconians
  3 blizzard demons
  Snorg (Lair:3)
  2 green deaths (Zig:12)
  5 ettins
  5 eidola
  An acid blob zombie (Crypt:3)
  A crystal guardian (Vaults:3)
  7 fire dragons
  5 merfolk impalers
  7 jiangshi (Crypt:3)
  5 deep elf death magi
  2 mummy priests
  9 deep elf high priests
  Josephine (Snake:1)
  11 hydras
  3 rakshasas
  4 merfolk javelineers
  2 entropy weavers
  8 great orbs of eyes
  13 yaktaur captains
  32 vault guards
  A spriggan zombie (Crypt:3)
  6 ice dragons
  9 salamander tyrants
  A hell beast (Depths:2)
  A peacekeeper (Vaults:3)
  Fannar (D:12)
  2 ogre magi (Depths:2)
  3 merfolk avatars
  A spriggan skeleton (Crypt:3)
  2 alligators
  6 two-headed ogres
  9 boulder beetles
  7 ironbound frosthearts
  6 spriggan air magi
  8 centaur warriors
  13 anacondas
  2 alligator snapping turtles (Shoals:4)
  2 catoblepae
  12 satyrs
  2 merfolk aquamancers (Shoals:4)
  5 tengu warriors
  10 naga warriors
  10 vampire magi
  5 deep troll earth magi (Depths:2)
  5 death yaks
  3 deep troll shamans
  3 spriggan berserkers (Depths:4)
  Urug (Lair:3)
  18 naga sharpshooters
  19 dancing weapons
  A thrashing horror (Zig:15)
  6 orc high priests
  A soul eater (Zig:9)
  5 sun demons
  9 shock serpents
  12 deep elf knights
  5 skysharks
  A goliath frog (Zig:7)
  6 iron trolls
  3 wretched stars
  A storm dragon skeleton (Crypt:3)
  3 shadow wraiths
  10 skeletal warriors
  A skyshark (shapeshifter) (Vaults:1)
  A bunyip zombie (Crypt:3)
  A death drake (shapeshifter) (Zot:3)
  3 flayed ghosts
  A spark wasp zombie (WizLab)
  2 spatial maelstroms (Zig:15)
  An anaconda zombie (Crypt:3)
  10 sea snakes
  2 salamander mystics (Snake:3)
  A shadow demon (Zig:15)
  A ghost moth zombie (Crypt:1)
  An iron giant zombie (Crypt:3)
  A death drake (Zig:12)
  17 ironbound convokers
  4 swamp dragons
  2 spriggan druids
  35 deep trolls
  4 wizards
  A bog body (Zig:12)
  7 glowing orange brains
  10 naga ritualists
  5 deep elf archers
  A broodmother zombie (Crypt:3)
  7 phantasmal warriors
  6 orc knights
  26 deep elf zephyrmancers
  7 necromancers
  6 large abominations
  26 harpies
  18 deep elf pyromancers
  A mana viper (shapeshifter) (Vaults:5)
  14 lindwurms
  12 mana vipers
  4 cyclopes
  A moth of wrath (shapeshifter) (Zig:8)
  20 fauns
  A cyclops (shapeshifter) (Zig:8)
  A will-o-the-wisp (Zig:12)
  An iron dragon skeleton (Crypt:2)
  7 shining eyes
  27 ugly things
  3 wolf spiders
  15 manticores
  A human zombie (Vaults:4)
  27 moths of wrath
  A worldbinder (Zig:15)
  19 salamanders
  An ice statue (IceCv)
  14 naga magi
  A dire elephant zombie (Crypt:3)
  12 elephants
  7 guardian serpents
  8 vault sentinels
  A centaur zombie (Crypt:3)
  A rust devil (Depths:2)
  2 smoke demons
  53 black mambas
  7 merfolk sirens
  8 cane toads
  5 water nymphs
  An apocalypse crab (Zig:15)
  An eye of devastation (Slime:4)
  7 torpor snails
  A hellion (Zig:13)
  A kobold demonologist (D:10)
  6 rime drakes
  An unseen horror (D:12)
  12 komodo dragons
  An anaconda simulacrum (Crypt:3)
  6 tormentors
  6 freezing wraiths
  A black draconian skeleton (Crypt:1)
  3 ice devils
  6 ancient zymes (Zig:15)
  7 guardian mummies (Crypt:3)
  2 tengu conjurers (Depths:3)
  15 yaktaurs
  A harpy zombie (Crypt:3)
  A golden dragon simulacrum (Zig:13)
  5 red devils
  A white draconian skeleton (Crypt:3)
  6 trolls
  7 wind drakes
  2 yaktaur skeletons
  24 merfolk
  A meliai (shapeshifter) (Elf:3)
  4 tyrant leeches
  17 hornets
  A minotaur skeleton (Crypt:1)
  A queen bee (Lair:2)
  A tengu simulacrum (Zig:13)
  2 hellwings (Depths:2)
  12 polar bears
  A blink frog (shapeshifter) (Zig:10)
  A shadow dragon simulacrum (Zig:13)
  An ettin zombie (Crypt:3)
  A tarantella zombie (Crypt:2)
  2 snapping turtles (Shoals:4)
  33 blink frogs
  10 dream sheep
  3 air elementals
  4 raiju
  An ice dragon skeleton (Crypt:2)
  88 slime creatures
  5 flying skulls (Crypt:2)
  7 spriggans
  A shadow (D:11)
  An ettin skeleton (Vaults:4)
  39 yaks
  4 vampires
  9 water elementals
  A tyrant leech zombie (Crypt:3)
  8 wyverns
  An elf zombie (WizLab)
  A fire dragon skeleton (Crypt:1)
  A dire elephant simulacrum (IceCv)
  Eustachio (D:5)
  6 basilisks
  A fire elemental (Elf:3)
  4 neqoxecs
  9 wraiths
  A chaos spawn (Depths:2)
  4 golden eyes (Depths:3)
  A yak (shapeshifter) (D:14)
  2 redbacks
  4 death yak simulacra (IceCv)
  2 harpy simulacra (IceCv)
  9 wargs
  4 vampire mosquitoes
  36 nagas
  A demonspawn zombie (Crypt:2)
  18 water moccasins
  6 acid dragons
  Duvessa (D:7)
  2 hydra simulacra (IceCv)
  18 hell hounds
  2 floating eyes
  42 orc warriors
  3 ice beasts
  14 black bears
  2 sky beasts
  A sky beast (shapeshifter) (Vaults:5)
  3 ogres
  39 wolves
  7 boggarts
  18 centaurs
  A manticore skeleton (Crypt:3)
  A lemure (D:4)
  4 kobold brigands
  15 bullfrogs
  A gnoll sergeant (D:11)
  A scorpion (D:5)
  A salamander skeleton (Crypt:2)
  3 cane toad simulacra (IceCv)
  A wyvern skeleton (Crypt:1)
  3 two-headed ogre simulacra (IceCv)
  5 wights (D:10)
  A water moccasin skeleton (Crypt:3)
  Dowan (D:7)
  36 killer bees
  2 elephant simulacra (IceCv)
  9 howler monkeys
  A wolf zombie (Crypt:1)
  A yak skeleton (Crypt:1)
  An electric eel (Snake:2)
  A howler monkey (shapeshifter) (Zot:3)
  5 hounds
  24 orc priests
  4 gnoll boudas
  3 jellies
  6 iguanas
  26 orc wizards
  2 sleepcaps (D:6)
  6 troll simulacra (IceCv)
  4 polar bear simulacra (IceCv)
  6 spriggan simulacra
  2 wolf simulacra (IceCv)
  A deep dwarf skeleton (Crypt:1)
  A mummy (Crypt:3)
  27 gnolls
  7 adders
  8 naga simulacra
  A river rat (Lair:2)
  A swamp drake skeleton (Crypt:2)
  2 shadow imps
  5 white imps
  6 ufetubi
  A worm (D:13)
  A dart slug (D:1)
  76 orcs
  4 endoplasms
  2 giant cockroaches (D:4)
  5 goblins
  A hobgoblin (shapeshifter) (Depths:2)
  9 hobgoblins
  8 jackals
  2 quokkas (D:4)
  9 ball pythons
  7 bats
  8 frilled lizards
  A frilled lizard zombie (Crypt:3)
  35 kobolds
  4 rats
  A rat zombie (Crypt:2)
  A spectral hobgoblin (D:1)
  A fulminant prism (D:9)
  2 starspawn tentacles (Zig:15)
2387 creatures vanquished.

Vanquished Creatures (collateral kills)
  A dread lich (Zot:5)
  An orb of fire (Zot:1)
  An ancient lich (WizLab)
  A juggernaut (Depths:3)
  A shard shrike (Zig:4)
  2 caustic shrikes
  4 golden dragons
  A bone dragon (Zig:14)
  2 Tzitzimimeh (Depths:3)
  A Hell Sentinel (Zig:5)
  An electric golem (Zot:5)
  Jorgrun (Elf:2)
  6 tentacled monstrosities
  4 quicksilver dragons
  6 Orb Guardians (Zot:5)
  2 acid blobs
  2 titans
  2 ancient champions
  A sphinx (Vaults:5)
  2 death cobs
  3 storm dragons
  A draconian monk (Depths:4)
  3 fire giants
  4 rockslimes
  A deep elf sorcerer (Elf:3)
  5 shadow dragons
  4 frost giants
  An azure jelly (Slime:1)
  6 vault wardens
  A caustic shrike zombie (Crypt:3)
  A ghoul (Crypt:3)
  A ghost moth (Zot:5)
  A juggernaut zombie (WizLab)
  A deep elf elementalist (Elf:3)
  7 ironbound preservers
  A draconian shifter (Zot:2)
  An orc warlord (Vaults:3)
  A draconian annihilator (Depths:4)
  3 ironbound thunderhulks
  10 very ugly things
  A reaper (Depths:3)
  A war gargoyle (Vaults:5)
  6 stone giants
  3 green draconians
  2 vampire knights (Depths:2)
  2 yellow draconians
  A red draconian (Depths:4)
  A wendigo (Zig:13)
  A spark wasp (Depths:1)
  2 deep elf annihilators
  2 purple draconians (Zot:1)
  3 white draconians
  4 black draconians
  An eidolon (Vaults:4)
  A deep elf death mage (Crypt:3)
  An ettin (Vaults:5)
  3 fire dragons
  2 mummy priests (WizLab)
  2 yaktaur captains
  2 jiangshi (Depths:3)
  A great orb of eyes (Vaults:1)
  3 ice dragons
  An entropy weaver (Vaults:5)
  2 rakshasas
  A peacekeeper (Vaults:3)
  5 vault guards
  2 ironbound frosthearts (Vaults:4)
  A spriggan air mage (Depths:2)
  An ogre mage (Vaults:5)
  A salamander tyrant (Snake:4)
  An alligator snapping turtle (Shoals:3)
  2 two-headed ogres (Vaults:5)
  A death knight (Crypt:3)
  11 dancing weapons
  A deep troll shaman (Depths:1)
  A vampire mage (Crypt:3)
  A tengu warrior (Depths:2)
  7 deep troll earth magi
  A hell knight (Depths:2)
  A soul eater (Crypt:3)
  4 deep elf knights (Elf:2)
  3 naga sharpshooters (Snake:4)
  A skeletal warrior (Crypt:1)
  17 deep trolls
  A glowing orange brain (Slime:5)
  2 iron trolls (Vaults:2)
  A golden dragon zombie (WizLab)
  A swamp dragon (Zig:2)
  A deep elf archer (Elf:2)
  2 flayed ghosts
  6 ironbound convokers
  A phantasmal warrior (Vaults:5)
  A deep elf pyromancer (Elf:3)
  2 lindwurms
  2 orc knights
  2 wizards
  A necromancer (Vaults:4)
  7 ugly things
  A harpy (Shoals:3)
  An orc sorcerer (Depths:2)
  6 deep elf zephyrmancers (Elf:2)
  2 stone giant zombies (WizLab)
  A guardian serpent (Zig:16)
  3 vault sentinels
  A naga mage (Zig:16)
  A smoke demon (Depths:2)
  3 moths of wrath
  A yaktaur zombie (WizLab)
  A spriggan zombie (WizLab)
  10 yaktaurs
  A freezing wraith (Crypt:3)
  2 guardian mummies (WizLab)
  A red devil (Depths:1)
  A hydra skeleton (Crypt:3)
  A satyr zombie (Crypt:3)
  A stone giant simulacrum (Vaults:4)
  A mana viper skeleton (Crypt:1)
  An ettin zombie (WizLab)
  A snapping turtle (Shoals:3)
  A fire dragon zombie (WizLab)
  A ynoxinul (Depths:1)
  34 slime creatures
  An air elemental (Elf:2)
  2 vampires
  A wraith (Crypt:3)
  A glowing shapeshifter zombie (WizLab)
  2 wargs (Depths:2)
  2 human zombies (WizLab)
  A naga (Snake:4)
  2 orc warriors (Depths:2)
  A human skeleton (Vaults:4)
  An orc (Depths:2)
330 creatures vanquished.

Vanquished Creatures (others)
  A draconian knight (Zot:1)
  A very ugly thing (Depths:2)
  A deep elf knight (Elf:2)
  A wizard (Depths:2)
  A yaktaur (Vaults:5)
  A hornet (Depths:3)
  19 demonic plants (Gauntlet)
  3 foxfires (Zig:12)
  55 fulminant prisms
  62 fungi
  131 plants
276 creatures vanquished.

Grand Total: 2993 creatures vanquished

Notes
Turn   | Place    | Note
-------+----------+-------------------------------------------
     0 | D:1      | cojito the Draconian Conjurer began the quest for the Orb.
     0 | D:1      | Reached XP level 1. HP: 14/14 MP: 3/3
   233 | D:1      | Reached XP level 2. HP: 20/20 MP: 1/5
   379 | D:1      | Found a faded altar of an unknown god.
  1168 | D:1      | Learned a level 2 spell: Searing Ray
  1194 | D:2      | Reached XP level 3. HP: 26/26 MP: 2/6
  1317 | D:2      | Reached skill level 5 in Conjurations
  1394 | D:2      | Reached XP level 4. HP: 34/34 MP: 4/7
  1428 | D:2      | Reached skill level 1 in Fighting
  2675 | D:3      | Found a stormy altar of Qazlal.
  2729 | D:3      | Reached XP level 5. HP: 40/40 MP: 5/8
  3643 | D:4      | Noticed a lemure
  3664 | D:4      | Killed a lemure
  3743 | D:4      | Noticed Pikel
  3765 | D:4      | Noticed a lemure
  3831 | D:4      | Reached skill level 1 in Short Blades
  3831 | D:4      | Reached skill level 1 in Shields
  3831 | D:4      | Reached XP level 6. HP: 48/48 MP: 0/10
  4254 | D:5      | Entered Level 5 of the Dungeon
  4267 | D:5      | Noticed Eustachio
  4447 | D:5      | Killed Eustachio
  4485 | D:5      | Identified the ring of Xom's Fair Game {Fly AC+4 Str+2
                  | Int+5 Dex-5}
  4504 | D:5      | Learned a level 4 spell: Fulminant Prism
  4508 | D:5      | Learned a level 3 spell: Swiftness
  4536 | D:5      | Your scales start taking on a dull iron-grey colour.
  4536 | D:5      | Reached XP level 7. HP: 56/56 MP: 6/11
  4884 | D:5      | Reached skill level 1 in Hexes
  5480 | D:5      | Reached skill level 1 in Air Magic
  5511 | D:5      | Reached XP level 8. HP: 63/63 MP: 13/13
  5990 | D:5      | Found a runed translucent gate.
  5990 | D:5      | Found a runed translucent gate.
  5992 | D:5      | Noticed cheesebisquit's ghost (novice DrFE)
  5992 | D:5      | Found a runed translucent gate.
  6317 | D:6      | Found a sacrificial altar of Ru.
  7391 | D:6      | Reached XP level 9. HP: 71/71 MP: 15/15
  7618 | D:7      | Found a flagged portal.
  7628 | Bailey   | Entered a bailey
  7656 | Bailey   | Noticed an orc warlord
  7897 | Bailey   | Found a runed translucent gate.
  7899 | Bailey   | Found a runed translucent gate.
  7901 | Bailey   | Found a runed translucent gate.
  8444 | D:7      | Acquired the amulet "Jofeoh" {Rampage rC+ rN+ Regen+}
  8591 | D:7      | Found a staircase to the Ecumenical Temple.
  8621 | D:7      | Found Laetouwk's Antique Weapon Boutique.
  8643 | Temple   | Entered the Ecumenical Temple
  8749 | Temple   | Became a worshipper of Vehumet
  8891 | D:7      | Noticed Duvessa
  8892 | D:7      | Noticed Dowan
  9051 | D:7      | Learned a level 3 spell: Mephitic Cloud
  9162 | D:7      | Found Xiyp's Antique Weapon Shoppe.
  9397 | D:7      | Killed Duvessa
  9398 | D:7      | Reached skill level 5 in Fighting
  9416 | D:7      | Killed Dowan
  9601 | D:8      | Reached skill level 1 in Poison Magic
  9608 | D:8      | Learned a level 4 spell: Olgreb's Toxic Radiance
  9815 | D:8      | Noticed a two-headed ogre
  9827 | D:8      | Killed a two-headed ogre
  9828 | D:8      | Reached skill level 5 in Dodging
  9828 | D:8      | Reached skill level 5 in Spellcasting
  9828 | D:8      | Reached XP level 10. HP: 81/81 MP: 7/17
 10420 | D:9      | Noticed a two-headed ogre
 10546 | D:9      | Noticed an elephant
 10589 | D:10     | Entered Level 10 of the Dungeon
 10645 | D:9      | Reached * piety under Vehumet
 10645 | D:9      | Offered knowledge of Foxfire by Vehumet.
 10970 | D:9      | Found a staircase to the Lair.
 11057 | D:9      | Killed a two-headed ogre
 11130 | D:9      | Noticed a death yak
 11387 | Lair:1   | Entered Level 1 of the Lair of Beasts
 11387 | Lair:1   | Noticed a cane toad
 11390 | Lair:1   | Noticed an elephant
 11392 | Lair:1   | Noticed an elephant
 11394 | Lair:1   | Killed a cane toad
 11397 | Lair:1   | Noticed an elephant
 11407 | Lair:1   | Noticed an elephant
 11408 | Lair:1   | Noticed a black mamba
 11414 | Lair:1   | Killed a black mamba
 11415 | Lair:1   | Reached skill level 5 in Short Blades
 11417 | Lair:1   | Noticed an elephant
 11436 | Lair:2   | Killed an elephant
 11558 | Lair:3   | Noticed a death yak
 11558 | Lair:3   | Noticed a death yak
 11558 | Lair:3   | Noticed a death yak
 11558 | Lair:3   | Noticed a boulder beetle
 11698 | Lair:1   | Killed an elephant
 11699 | Lair:1   | Reached skill level 5 in Poison Magic
 11703 | Lair:1   | Killed an elephant
 11711 | Lair:1   | Killed an elephant
 11712 | Lair:1   | Reached XP level 11. HP: 76/91 MP: 6/19
 11759 | Lair:1   | Noticed a four-headed hydra
 11942 | Lair:1   | Noticed a death yak
 11976 | Lair:1   | Killed a death yak
 12117 | Lair:1   | Killed a four-headed hydra
 12833 | Lair:1   | Learned a level 5 spell: Arcjolt
 12854 | Lair:2   | Noticed a harpy
 12890 | Lair:2   | Noticed a harpy
 12907 | Lair:2   | Noticed a harpy
 12921 | Lair:2   | Killed a harpy
 12923 | Lair:2   | Killed a harpy
 13293 | Lair:2   | Reached skill level 10 in Conjurations
 13294 | Lair:2   | Offered knowledge of Freeze by Vehumet.
 13296 | Lair:2   | Reached ** piety under Vehumet
 13670 | Lair:2   | Reached XP level 12. HP: 101/101 MP: 22/22
 14068 | Lair:2   | Offered knowledge of Momentum Strike by Vehumet.
 14284 | Lair:2   | Found a staircase to the Shoals.
 14525 | Lair:2   | Reached *** piety under Vehumet
 14592 | Lair:2   | Got the Vellum of the Robin
 14947 | Lair:3   | Noticed a catoblepas
 14960 | Lair:3   | Killed a catoblepas
 15086 | Lair:3   | Killed a boulder beetle
 15137 | Lair:3   | Offered knowledge of Stone Arrow by Vehumet.
 15148 | Lair:3   | Killed a death yak
 15157 | Lair:2   | Learned a level 5 spell: Fireball
 15308 | Lair:3   | Reached **** piety under Vehumet
 15314 | Lair:3   | Identified the +1 dagger "Fyriub" {vamp, Str+5 Int-2 Dex+6}
 15390 | Lair:3   | Reached XP level 13. HP: 104/111 MP: 25/25
 15587 | Lair:3   | Noticed Snorg
 15612 | Lair:3   | Reached skill level 5 in Air Magic
 15618 | Lair:3   | Offered knowledge of Freezing Cloud by Vehumet.
 15618 | Lair:3   | Killed Snorg
 15669 | Lair:3   | Learned a level 5 spell: Freezing Cloud
 15798 | Lair:3   | Found a staircase to the Snake Pit.
 15821 | Lair:3   | Noticed Urug
 15830 | Lair:3   | Killed Urug
 16056 | Lair:3   | Noticed Gastronok
 16072 | Lair:3   | Killed Gastronok
 16603 | Lair:4   | Reached skill level 1 in Maces & Flails
 16660 | Lair:4   | Reached skill level 10 in Fighting
 16687 | Lair:4   | Found a frozen archway.
 16712 | IceCv    | Entered an ice cave
 17056 | IceCv    | Reached ***** piety under Vehumet
 17123 | IceCv    | Offered knowledge of Plasma Beam by Vehumet.
 17650 | IceCv    | Noticed a reaper
 17659 | IceCv    | Killed a reaper
 17900 | Lair:4   | Reached skill level 1 in Staves
 18108 | Lair:4   | Reached skill level 1 in Evocations
 18908 | Lair:4   | Learned a level 6 spell: Plasma Beam
 18925 | Lair:5   | Entered Level 5 of the Lair of Beasts
 19008 | Lair:5   | Reached skill level 10 in Spellcasting
 19053 | Lair:5   | Offered knowledge of Ozocubu's Refrigeration by Vehumet.
 19141 | Lair:5   | Found a staircase to the Slime Pits.
 19164 | Lair:5   | Reached skill level 1 in Fire Magic
 19164 | Lair:5   | Reached XP level 14. HP: 120/122 MP: 23/28
 19224 | Lair:5   | Reached skill level 5 in Staves
 20187 | Lair:5   | Reached skill level 1 in Ice Magic
 20929 | Lair:5   | Found a runed translucent door.
 21895 | D:10     | Found a staircase to the Orcish Mines.
 21984 | D:10     | Found an opulent altar of Gozag.
 22502 | D:10     | Reached ****** piety under Vehumet
 22549 | D:10     | Found a shadowy altar of Dithmenos.
 22590 | Orc:1    | Entered Level 1 of the Orcish Mines
 22623 | Orc:1    | Offered knowledge of Eringya's Noxious Bog by Vehumet.
 22925 | Orc:1    | Found a dark tunnel.
 23088 | Volcano  | Entered a volcano
 23312 | Orc:2    | Entered Level 2 of the Orcish Mines
 23401 | Orc:2    | Reached XP level 15. HP: 108/129 MP: 23/29
 23482 | Orc:2    | Found a staircase to the Elven Halls.
 23680 | Orc:2    | Found Xysuud's Distillery.
 23680 | Orc:2    | Found Plog's Antique Weapon Shoppe.
 23680 | Orc:2    | Found Asmunimp's Armour Emporium.
 23868 | Orc:2    | Found Eweckub's General Store.
 23885 | Orc:2    | Bought a potion of invisibility for 104 gold pieces
 23887 | Orc:2    | Bought a potion of brilliance for 56 gold pieces
 25749 | D:12     | Found a gate leading to a gauntlet.
 25847 | Gauntlet | Entered a Gauntlet
 25847 | Gauntlet | Found a transporter.
 25847 | Gauntlet | Found a transporter.
 25847 | Gauntlet | Found a transporter.
 25848 | Gauntlet | Found a transporter.
 25851 | Gauntlet | Found a transporter.
 25851 | Gauntlet | Found a transporter.
 25863 | Gauntlet | Found a transporter.
 25867 | Gauntlet | Found a transporter.
 25869 | Gauntlet | Found a large runed translucent door.
 25870 | Gauntlet | Found a large runed translucent door.
 25871 | Gauntlet | Found a large runed translucent door.
 25871 | Gauntlet | Found a large runed translucent door.
 25871 | Gauntlet | Found a runed translucent door.
 25871 | Gauntlet | Found a runed translucent door.
 25872 | Gauntlet | Found a large runed translucent door.
 25872 | Gauntlet | Found a large runed translucent door.
 25872 | Gauntlet | Found a large runed translucent door.
 25872 | Gauntlet | Found a large runed translucent door.
 25873 | Gauntlet | Found a large runed translucent door.
 25874 | Gauntlet | Found a large runed translucent door.
 25875 | Gauntlet | Found a large runed translucent door.
 25875 | Gauntlet | Found a large runed translucent door.
 25876 | Gauntlet | Found a large runed translucent door.
 25876 | Gauntlet | Found a large runed translucent door.
 25876 | Gauntlet | Found a large runed translucent door.
 25878 | Gauntlet | Found a runed translucent gate.
 25878 | Gauntlet | Found a runed translucent gate.
 25878 | Gauntlet | Found a runed translucent gate.
 25880 | Gauntlet | Found a transporter.
 25891 | Gauntlet | Found a large runed translucent door.
 25899 | Gauntlet | Found a transporter.
 25907 | Gauntlet | Found a transporter.
 25911 | Gauntlet | Found a transporter.
 25997 | Gauntlet | Offered knowledge of Conjure Ball Lightning by Vehumet.
 26125 | Gauntlet | Identified the +1 pair of boots of the Monk {rN+ rCorr}
 26186 | Gauntlet | Got the Atlas of Peregrination
 26189 | Gauntlet | Identified the +1 flail "Nyrot" {flame, rC- rN++ MP+9
                  | Stlth+}
 26743 | D:12     | Identified the +1 flail of Grandeur {heavy, rF+}
 26743 | D:12     | Noticed Fannar
 26747 | D:12     | Killed Fannar
 27279 | D:13     | Reached skill level 10 in Dodging
 27649 | D:13     | Reached skill level 10 in Staves
 27816 | D:13     | Found a snail-covered altar of Cheibriados.
 27818 | D:13     | Identified the +0 leather armour "Luygaigi" {rElec rC-
                  | Str+3}
 29344 | D:14     | Reached skill level 5 in Evocations
 29544 | D:14     | Found a gate to the Vaults.
 29905 | D:15     | Entered Level 15 of the Dungeon
 29922 | D:15     | Offered knowledge of Yara's Violent Unravelling by Vehumet.
 30209 | D:15     | Found an opulent altar of Gozag.
 30210 | D:15     | Found Gozag's Platinum Reserve.
 30583 | D:15     | Reached skill level 1 in Earth Magic
 30583 | D:15     | Reached XP level 16. HP: 123/139 MP: 14/31
 30663 | D:15     | Found a staircase to the Depths.
 30848 | D:15     | Reached skill level 5 in Fire Magic
 31268 | Snake:1  | Entered Level 1 of the Snake Pit
 31593 | Snake:1  | Reached skill level 5 in Stealth
 31697 | Snake:1  | Noticed Josephine
 31707 | Snake:1  | Killed Josephine
 31708 | Snake:1  | Reached skill level 2 in Earth Magic
 31894 | Snake:1  | Reached skill level 5 in Ice Magic
 31991 | Snake:1  | Found Pocsimp's Assorted Antiques.
 32149 | Snake:1  | Noticed Louise
 32162 | Snake:1  | Killed Louise
 32616 | Snake:2  | Reached skill level 3 in Earth Magic
 32681 | Snake:2  | You fall into a shaft and drop 1 floor!
 32686 | Snake:3  | Offered knowledge of Spellforged Servitor by Vehumet.
 33002 | Snake:2  | Found Umueng's Antique Armour Boutique.
 33059 | Snake:2  | Bought the +3 warlock's mirror {omnireflect} for 1200 gold
                  | pieces
 33059 | Snake:2  | Found the +3 warlock's mirror {omnireflect}
 33069 | Snake:2  | Found Laeb's Distillery.
 33075 | Snake:2  | Bought a potion of haste for 190 gold pieces
 33075 | Snake:2  | Bought a potion of mutation for 152 gold pieces
 33075 | Snake:2  | Bought a potion of curing for 57 gold pieces
 33075 | Snake:2  | Bought a potion of curing for 57 gold pieces
 34234 | Snake:3  | Reached skill level 4 in Earth Magic
 34745 | Snake:3  | Learned a level 7 spell: Spellforged Servitor
 35098 | Snake:3  | Found Uvucu's Jewellery Boutique.
 35099 | Snake:3  | Found Anediy's Book Emporium.
 35101 | Snake:3  | Found Hopauwet's Jewellery Boutique.
 35220 | Snake:3  | Bought the ring of the Heavens {rElec rC+ rN+ Stlth-} for
                  | 514 gold pieces
 35341 | Snake:4  | Entered Level 4 of the Snake Pit
 35345 | Snake:4  | Reached XP level 17. HP: 144/148 MP: 23/32
 35657 | Snake:4  | Noticed Vashnia
 35682 | Snake:4  | Reached skill level 5 in Shields
 35689 | Snake:4  | Killed Vashnia
 36182 | Snake:4  | Offered knowledge of Starburst by Vehumet.
 36273 | Snake:4  | Reached skill level 5 in Earth Magic
 37323 | Snake:4  | Noticed a quicksilver dragon
 37323 | Snake:4  | Noticed a quicksilver dragon
 37330 | Snake:4  | Killed a quicksilver dragon
 37332 | Snake:4  | Killed a quicksilver dragon
 37333 | Snake:4  | Reached skill level 15 in Conjurations
 37401 | Snake:4  | Got a serpentine rune of Zot
 37552 | Shoals:1 | Entered Level 1 of the Shoals
 37804 | Shoals:1 | Noticed Roxanne
 37981 | Shoals:1 | Reached skill level 1 in Summonings
 38779 | Shoals:1 | Reached skill level 6 in Earth Magic
 39165 | Shoals:2 | Offered knowledge of Fire Storm by Vehumet.
 39165 | Shoals:2 | Offered knowledge of Chain Lightning by Vehumet.
 39256 | Shoals:2 | Got the Handbook of the Coarse Vector
 40118 | Shoals:3 | Reached XP level 18. HP: 136/157 MP: 29/34
 40142 | Shoals:3 | Noticed Donald
 40225 | Shoals:3 | Killed Donald
 41585 | Shoals:4 | Entered Level 4 of the Shoals
 41634 | Shoals:3 | Reached skill level 7 in Earth Magic
 42097 | Shoals:4 | Paralysed by a sphinx for 3 turns
 42283 | Shoals:4 | Identified the +0 plate armour of Limited Liability {Int+2
                  | Stlth+}
 42644 | Shoals:4 | Identified the staff of earth "Wiunic" {MP-9 Str+3 Int+2
                  | Stlth+}
 42801 | Shoals:4 | Got a barnacled rune of Zot
 43089 | Vaults:1 | Entered Level 1 of the Vaults
 43134 | Vaults:1 | Reached skill level 8 in Earth Magic
 43395 | Vaults:1 | Found a magical portal.
 43412 | WizLab   | Entered Doroklohe's Tomb
 43673 | WizLab   | Noticed an ancient lich
 43684 | WizLab   | Killed an ancient lich
 43688 | WizLab   | Reached XP level 19. HP: 78/166 MP: 27/36
 43689 | WizLab   | Reached skill level 5 in Summonings
 44423 | Vaults:1 | Learned a level 8 spell: Lehudib's Crystal Spear
 44726 | Vaults:1 | Reached skill level 9 in Earth Magic
 45560 | Vaults:1 | Found Ogru Uwn's Assorted Antiques.
 45567 | Vaults:1 | Bought a distressingly furry cloak for 380 gold pieces
 45567 | Vaults:1 | Identified the +1 cloak of Qoajy {rPois rF- rN+ Str+4} (You
                  | bought it in a shop on level 1 of the Vaults)
 47638 | Vaults:2 | Acquired 914 gold pieces
 47915 | Vaults:3 | Reached skill level 15 in Spellcasting
 48205 | Vaults:3 | Reached XP level 20. HP: 167/176 MP: 26/39
 48439 | Vaults:3 | Reached skill level 10 in Evocations
 48570 | Vaults:3 | Reached skill level 10 in Earth Magic
 48908 | Vaults:3 | Found a staircase to the Crypt.
 50048 | Vaults:4 | Reached skill level 15 in Fighting
 50589 | Vaults:4 | Identified the -1 pair of gloves "Ihavvumn" {+Inv rC+
                  | Str+3}
 51136 | Elf:1    | Entered Level 1 of the Elven Halls
 51910 | Elf:1    | You fall into a shaft and drop 1 floor!
 51915 | Elf:2    | Reached skill level 11 in Earth Magic
 52218 | Elf:2    | Found a runed translucent gate.
 52218 | Elf:2    | Found a runed translucent gate.
 52218 | Elf:2    | Found a runed translucent gate.
 52724 | Elf:2    | Noticed Aizul
 53296 | Elf:2    | Killed Aizul
 53587 | Elf:2    | Noticed Jorgrun
 53598 | Elf:2    | Killed Jorgrun
 53606 | Elf:2    | Reached XP level 21. HP: 185/185 MP: 12/41
 53772 | Elf:2    | Found Wyhur's Armour Shoppe.
 53780 | Elf:2    | Bought the +1 pair of boots "Birum" {+Inv rF+ Dex-2} for
                  | 315 gold pieces
 54461 | Elf:3    | Entered Level 3 of the Elven Halls
 55708 | Elf:3    | Reached skill level 12 in Earth Magic
 55870 | Elf:3    | Identified the staff of air "Vifaugua" {rElec Int+2}
 55930 | Elf:3    | Identified the staff of cold "Zuicaijy" {Contam Fly rPois
                  | rC+ Will+}
 55960 | Elf:3    | Got the Discursus on Battle Magic
 56014 | Elf:3    | Identified the staff of conjuration "Luntase" {Dex+3}
 56388 | Depths:1 | Entered Level 1 of the Depths
 56553 | Depths:1 | Found a gateway to Hell.
 56929 | Depths:1 | Found a portal to a secret trove of treasure.
 57125 | Depths:1 | Found a one-way gate leading to the halls of Pandemonium.
 57275 | Depths:1 | Found Ben Ahesh's Jewellery Shop.
 57443 | Depths:2 | Noticed a caustic shrike
 57443 | Depths:2 | Noticed a golden dragon
 57490 | Depths:2 | Noticed Mara
 57507 | Depths:2 | Killed Mara
 57550 | Depths:2 | Killed a caustic shrike
 57637 | Depths:2 | Noticed Saint Roka
 58252 | Depths:2 | Acquired 1221 gold pieces
 58851 | Depths:2 | Killed a golden dragon
 59006 | Depths:2 | Found an iron altar of Okawaru.
 59043 | Depths:2 | Noticed Boris
 59054 | Depths:2 | Found a one-way gateway to a ziggurat.
 59065 | Depths:2 | Reached XP level 22. HP: 85/196 MP: 4/43
 59084 | Depths:2 | Reached skill level 13 in Earth Magic
 59300 | Depths:2 | Found a one-way gate to the infinite horrors of the Abyss.
 59322 | Depths:2 | Killed Saint Roka
 59576 | Depths:2 | Killed Boris
 59998 | Depths:2 | Got the Spellbook of Destruction
 60162 | Depths:3 | Found a runed translucent gate.
 60162 | Depths:3 | Found a runed translucent gate.
 60162 | Depths:3 | Found a runed translucent gate.
 60165 | Depths:3 | Noticed relicbr's ghost (veteran SpDe)
 60168 | Depths:3 | Found a viscous altar of Jiyva.
 60534 | Depths:3 | Noticed a caustic shrike
 60535 | Depths:3 | Noticed a caustic shrike
 60535 | Depths:3 | Noticed a caustic shrike
 60535 | Depths:3 | Noticed a caustic shrike
 60535 | Depths:3 | Noticed a golden dragon
 60535 | Depths:3 | Identified the amulet of Hepliaklqana's Scorn {RegenMP
                  | Regen+ Str+2 Dex+3}
 60537 | Depths:3 | Noticed a juggernaut
 61176 | Depths:3 | Killed a caustic shrike
 61179 | Depths:3 | Killed a caustic shrike
 61183 | Depths:3 | Killed a juggernaut
 61198 | Depths:3 | Killed a caustic shrike
 61373 | Depths:3 | Killed a caustic shrike
 61575 | Depths:3 | Killed a golden dragon
 61576 | Depths:3 | Reached skill level 14 in Earth Magic
 61992 | Depths:3 | Acquired 884 gold pieces
 62439 | Depths:3 | Noticed Grunn
 63517 | Depths:4 | Entered Level 4 of the Depths
 64027 | Depths:4 | Found a gate to the Realm of Zot.
 64031 | Depths:4 | Reached XP level 23. HP: 182/206 MP: 35/45
 65268 | Depths:4 | Reached skill level 15 in Earth Magic
 65458 | Depths:1 | You paid a toll of +3 gold dragon scales to enter a
                  | treasure trove
 65459 | Trove    | Entered a treasure trove
 65459 | Trove    | Found the +0 mask of the Dragon {Will+ Slay+3 SInv}
 65505 | Trove    | Identified the staff of earth "Fys Vargh" {Str+2 Dex+4}
 65558 | Depths:1 | Learned a level 9 spell: Shatter
 65810 | Slime:1  | Entered Level 1 of the Pits of Slime
 66834 | Slime:5  | Entered Level 5 of the Pits of Slime
 67188 | Slime:5  | Gained mutation: You have hidden genetic defects. [a
                  | shining eye]
 67189 | Slime:5  | Gained mutation: You occasionally shout uncontrollably at
                  | your foes. [a shining eye]
 67191 | Slime:5  | Noticed the Royal Jelly
 67205 | Slime:4  | Lost mutation: You have hidden genetic defects. [potion of
                  | mutation]
 67205 | Slime:4  | Lost mutation: You occasionally shout uncontrollably at
                  | your foes. [potion of mutation]
 67205 | Slime:4  | Gained mutation: You occasionally lose the ability to read
                  | scrolls when taking damage. [potion of mutation]
 67205 | Slime:4  | Gained mutation: You have sharp toenails. [potion of
                  | mutation]
 67205 | Slime:4  | Gained mutation: Your muscles are strong. (Str +4, Int/Dex
                  | -1) [potion of mutation]
 67206 | Slime:4  | Lost mutation: You have sharp toenails. [potion of
                  | mutation]
 67206 | Slime:4  | Lost mutation: Your muscles are strong. (Str +4, Int/Dex
                  | -1) [potion of mutation]
 67206 | Slime:4  | Lost mutation: You occasionally lose the ability to read
                  | scrolls when taking damage. [potion of mutation]
 67206 | Slime:4  | Gained mutation: Your mind is acute. (Int +4, Str/Dex -1)
                  | [potion of mutation]
 67226 | Slime:5  | Reached skill level 16 in Earth Magic
 67845 | Slime:5  | Found a viscous altar of Jiyva.
 67847 | Slime:5  | Found the +9 sword of Zonguldrok {reap}
 67934 | Slime:5  | Killed the Royal Jelly
 68057 | Slime:5  | Identified the +6 plate armour of Ymaet {Int+5}
 68089 | Slime:5  | Got the Verses on Ensorcelling and Allies
 68142 | Slime:5  | Got a slimy rune of Zot
 68174 | Slime:5  | Identified the +6 plate armour of Submission {*Slow rN+
                  | Slay+2}
 68183 | Slime:5  | Identified the +7 scimitar "Hilis" {pain, Will+}
 68267 | Slime:2  | Gained mutation: Your magical capacity is low. (-10% MP) [a
                  | shining eye]
 68271 | Slime:1  | Lost mutation: Your mind is acute. (Int +4, Str/Dex -1)
                  | [potion of mutation]
 68271 | Slime:1  | Lost mutation: Your magical capacity is low. (-10% MP)
                  | [potion of mutation]
 68271 | Slime:1  | Gained mutation: You have large cloven feet. [potion of
                  | mutation]
 68271 | Slime:1  | Gained mutation: You are agile. (Dex +4, Str/Int -1)
                  | [potion of mutation]
 68593 | Vaults:5 | Entered Level 5 of the Vaults
 68594 | Vaults:5 | Noticed a dread lich
 68737 | Vaults:5 | Reached skill level 17 in Earth Magic
 68770 | Vaults:5 | Reached XP level 24. HP: 181/218 MP: 31/46
 68785 | Vaults:5 | Identified the ring of Besol {Ice rPois rN+ Str-3 Stlth+}
 68936 | Vaults:5 | Noticed an ancient lich
 68941 | Vaults:5 | Killed an ancient lich
 69357 | Vaults:5 | Got a silver rune of Zot
 69409 | Vaults:5 | Reached skill level 15 in Dodging
 69529 | Vaults:5 | Reached skill level 18 in Earth Magic
 69617 | Vaults:5 | Noticed Mennas
 69659 | Vaults:5 | Noticed an ancient lich
 69663 | Vaults:5 | Killed an ancient lich
 69808 | Vaults:5 | Killed a dread lich
 69811 | Vaults:5 | Identified the +7 sling of Strategic Superiority {freeze,
                  | *Corrode rPois rC+++ Dex-2}
 69815 | Vaults:5 | Identified the +7 scimitar of Integrity {freeze, *Rage
                  | rElec rPois rN+}
 69816 | Vaults:5 | Identified the ring "Jylulas" {rC+ Will- Str+3 Int+4}
 69820 | Vaults:5 | Noticed a dread lich
 69826 | Vaults:5 | Killed a dread lich
 69828 | Vaults:5 | Identified the +2 leather armour of the Solstice {rF+ rN+
                  | Int+4}
 69981 | Vaults:5 | Identified the +12 hand axe "Kywy" {venom, rElec rN+ Int+2
                  | Dex-4}
 70277 | Vaults:5 | Identified the staff of air "Fumogg" {*Slow rElec rF+
                  | rCorr}
 70561 | Crypt:1  | Entered Level 1 of the Crypt
 70691 | Crypt:1  | Identified the +8 war axe "Atublisk" {drain, Fly}
 71647 | Crypt:2  | Reached skill level 19 in Earth Magic
 71666 | Crypt:2  | Noticed Boris
 71786 | Crypt:2  | Noticed Goociwk's ghost (adept GrFi)
 71793 | Crypt:2  | Found a runed translucent door.
 72025 | Crypt:2  | Killed Boris
 72607 | Crypt:2  | Killed Goociwk's ghost
 72728 | Crypt:3  | Entered Level 3 of the Crypt
 72761 | Crypt:2  | Gained mutation: You are weak. (Str -2) [mutagenic glow]
 72972 | Crypt:3  | Reached skill level 10 in Shields
 73250 | Crypt:3  | Found a staircase to the Tomb.
 73319 | Crypt:3  | Reached XP level 25. HP: 228/228 MP: 39/46
 73649 | Crypt:3  | Identified the ring of Cheibriados, Charming {rC+ Will++
                  | Str+6 Dex+3 Slay-3}
 73676 | Crypt:3  | Identified the ring of the Lumpy Beggars {rC+ EV+5}
 73825 | Crypt:3  | Identified the ring of Nixkeinoho {rC+ rCorr Str+3 SInv}
 73981 | Crypt:3  | Reached skill level 20 in Earth Magic
 74672 | Crypt:3  | Found a basalt altar of Yredelemnul.
 74678 | Crypt:3  | Found an ancient bone altar of Kikubaaqudgha.
 74714 | Crypt:3  | Got the Annotations on Maleficent Mysteries
 75770 | Zot:1    | Entered Level 1 of the Realm of Zot
 75887 | Zig:1    | Entered Level 1 of a ziggurat
 75973 | Zig:2    | Entered Level 2 of a ziggurat
 76065 | Zig:3    | Entered Level 3 of a ziggurat
 76165 | Zig:3    | Identified the staff of cold "Coineush" {rC+ Will+}
 76176 | Zig:4    | Entered Level 4 of a ziggurat
 76178 | Zig:4    | Noticed a shard shrike
 76185 | Zig:4    | Paralysed by a wendigo for 1 turns
 76186 | Zig:4    | Killed a shard shrike
 76317 | Zig:4    | Identified the +4 flail of Ofuh {drain, rElec rF+}
 76328 | Zig:5    | Entered Level 5 of a ziggurat
 76492 | Zig:5    | Identified the +8 trident of Oheuz {elec, rF+ Stlth+}
 76508 | Zig:6    | Entered Level 6 of a ziggurat
 76582 | Zig:7    | Entered Level 7 of a ziggurat
 76609 | Zig:7    | Identified the ring "Ecilonko" {+Blink Will+ Str+4 Int+4
                  | Dex+3}
 76622 | Zig:7    | Identified the ring of Citeoplu {rF+ rC+ rN+ Str-4 Int+3}
 76629 | Zig:7    | Reached XP level 26. HP: 239/239 MP: 46/46
 76641 | Zig:7    | Identified the +10 dagger of Hospitality {venom, rElec
                  | Will+ Str+5}
 76653 | Zig:8    | Entered Level 8 of a ziggurat
 76659 | Zig:8    | Noticed an ancient lich
 76660 | Zig:8    | Noticed an ancient lich
 76661 | Zig:8    | Killed an ancient lich
 76661 | Zig:8    | Killed an ancient lich
 76662 | Zig:8    | Reached skill level 21 in Earth Magic
 76775 | Zig:8    | Identified the +1 scale mail of the Lich-sworn {rElec}
 76790 | Zig:8    | Identified the ring "Tuitud" {rF+ rCorr Str+4}
 76807 | Zig:9    | Entered Level 9 of a ziggurat
 76814 | Zig:9    | Noticed a dread lich
 76818 | Zig:9    | Killed a dread lich
 76845 | Zig:9    | Identified the amulet of Geodoniu {rN+ Regen+}
 76878 | Zig:10   | Entered Level 10 of a ziggurat
 76943 | Zig:10   | Identified the staff of conjuration "Lamelaat" {Str+3}
 76947 | Zig:10   | Identified the +5 trident of the Head {flame, Will+ Dex+3}
 76956 | Zig:10   | Got Ivonty's Second Course in Spellwork
 76971 | Zig:11   | Entered Level 11 of a ziggurat
 76977 | Zig:11   | Noticed an ancient lich
 76981 | Zig:11   | Killed an ancient lich
 77034 | Zig:11   | Identified the ring "Adeptiab" {rF+ rC+ rN+ rCorr}
 77052 | Zig:11   | Identified the +5 sling of Makhleb's Delight {heavy, Will+
                  | Int+2}
 77061 | Zig:12   | Entered Level 12 of a ziggurat
 77153 | Zig:12   | Identified the ring "Viocergh" {rElec rN+}
 77190 | Zig:13   | Entered Level 13 of a ziggurat
 77199 | Zig:13   | Reached XP level 27. HP: 133/248 MP: 46/46
 77200 | Zig:13   | Reached skill level 22 in Earth Magic
 77318 | Zig:13   | Identified the ring "Gyevi" {Fire *Slow Str+6 Dex+8 Stlth-}
 77329 | Zig:13   | Identified the staff of fire "Raiwaaby" {rPois rF+ MP+9}
 77332 | Zig:13   | Identified the ring "Giach" {rC+ Will++ Str+6 Dex-2}
 77345 | Zig:13   | Identified the staff of air "Saedd" {rElec Int+3}
 77346 | Zig:13   | Identified the +5 scale mail of Vaddetuj {rN+}
 77348 | Zig:13   | Identified the +10 halberd of Lilunnu {antimagic, +Blink
                  | rPois Int+2}
 77362 | Zig:14   | Entered Level 14 of a ziggurat
 77373 | Zig:14   | Noticed an ancient lich
 77375 | Zig:14   | Killed an ancient lich
 77570 | Zig:14   | Identified the staff of poison "Ocetteo" {rElec rPois rC+
                  | Int+3}
 77619 | Zig:15   | Entered Level 15 of a ziggurat
 77631 | Zig:15   | Reached skill level 23 in Earth Magic
 77669 | Zig:15   | Found the +16 obsidian axe {drain, demonic, Mesm Drain Fly
                  | SInv}
 77683 | Zig:15   | Identified the amulet of Xion Ystexi {Rampage Regen+ Dex+4}
 77692 | Zig:15   | Acquired 1019 gold pieces
 77720 | Zig:16   | Entered Level 16 of a ziggurat
 77833 | Zig:16   | Identified the +4 flail of the Imperium {venom, *Rage rPois
                  | rCorr Dex+5}
 78006 | Zot:1    | Found a transporter.
 78023 | Zot:1    | Reached skill level 10 in Stealth
 79066 | Zot:1    | Found a transporter.
 79068 | Zot:1    | Noticed an orb of fire
 79072 | Zot:1    | Identified the ring of Ulops {Wiz rElec rF- rN+ Stlth+}
 79090 | Zot:1    | Gained mutation: You are occasionally teleported next to
                  | monsters. [an orb of fire]
 79090 | Zot:1    | Gained mutation: You sometimes lose your temper in combat.
                  | [an orb of fire]
 79095 | Zot:1    | Killed an orb of fire
 79222 | Zot:1    | Lost mutation: You are occasionally teleported next to
                  | monsters. [potion of mutation]
 79222 | Zot:1    | Lost mutation: You are agile. (Dex +4, Str/Int -1) [potion
                  | of mutation]
 79222 | Zot:1    | Lost mutation: You sometimes lose your temper in combat.
                  | [potion of mutation]
 79222 | Zot:1    | Gained mutation: You are robust. (+10% HP) [potion of
                  | mutation]
 79222 | Zot:1    | Gained mutation: You are agile. (Dex +4, Str/Int -1)
                  | [potion of mutation]
 79303 | Zot:1    | Reached skill level 24 in Earth Magic
 79561 | Zot:1    | Gained mutation: Your magical capacity is low. (-10% MP) [a
                  | cacodemon]
 79566 | Zot:1    | Lost mutation: You are robust. (+10% HP) [potion of
                  | mutation]
 79566 | Zot:1    | Lost mutation: You have large cloven feet. [potion of
                  | mutation]
 79566 | Zot:1    | Gained mutation: Your system is resistant to poisons.
                  | (rPois) [potion of mutation]
 79566 | Zot:1    | Gained mutation: You are robust. (+10% HP) [potion of
                  | mutation]
 79603 | Zot:1    | Noticed a dread lich
 79613 | Zot:1    | Killed a dread lich
 79901 | Zot:1    | Identified the staff of air "Conlirch" {rElec rPois rF+
                  | Will- Stlth+}
 79910 | Zot:1    | Identified the ring of Vaikosuo {rF+ Str+4}
 80068 | Zot:2    | Found a transporter.
 80696 | Zot:2    | Found a transporter.
 80796 | Zot:2    | Found a transporter.
 80861 | Zot:2    | Found a transporter.
 81659 | Zot:3    | Found a transporter.
 81667 | Zot:3    | Noticed Pet Giop's ghost (veteran OgBe)
 81667 | Zot:3    | Identified the ring of Compassion {Contam rPois rN+ Will+
                  | Str+4}
 81687 | Zot:3    | Found a transporter.
 82432 | Zot:3    | Killed Pet Giop's ghost
 82543 | Zot:3    | Got the Cyclopedia of the Squall
 82557 | Zot:3    | Identified the staff of death "Asaistrokh" {Fly rC+ rN+
                  | rCorr Dex+2}
 82632 | Zot:4    | Found Lilohiu's CLEARANCE SALE!.
 83273 | Zot:4    | Reached skill level 15 in Evocations
 83819 | Zot:5    | Entered Level 5 of the Realm of Zot
 83826 | Zot:5    | Reached skill level 25 in Earth Magic
 83942 | Zot:5    | Noticed an ancient lich
 83944 | Zot:5    | Killed an ancient lich
 84077 | Zot:5    | Noticed an orb of fire
 84081 | Zot:5    | Gained mutation: You are very weak. (Str -4) [an orb of
                  | fire]
 84323 | Zot:4    | Gained mutation: You are dopey. (Int -2) [mutagenic glow]
 84364 | Zot:4    | Gained mutation: You occasionally lose the ability to drink
                  | potions when taking damage. [mutagenic glow]
 84427 | Zot:4    | Lost mutation: Your magical capacity is low. (-10% MP)
                  | [potion of mutation]
 84427 | Zot:4    | Lost mutation: You are agile. (Dex +4, Str/Int -1) [potion
                  | of mutation]
 84427 | Zot:4    | Gained mutation: You sometimes lose your temper in combat.
                  | [potion of mutation]
 84427 | Zot:4    | Gained mutation: You are very robust. (+20% HP) [potion of
                  | mutation]
 84428 | Zot:4    | Lost mutation: Your system is resistant to poisons. (rPois)
                  | [potion of mutation]
 84428 | Zot:4    | Lost mutation: You are dopey. (Int -2) [potion of mutation]
 84428 | Zot:4    | Lost mutation: You are very robust. (+20% HP) [potion of
                  | mutation]
 84428 | Zot:4    | Gained mutation: You are agile. (Dex +4, Str/Int -1)
                  | [potion of mutation]
 84428 | Zot:4    | Gained mutation: You have hidden genetic potential. [potion
                  | of mutation]
 84429 | Zot:4    | Lost mutation: You sometimes lose your temper in combat.
                  | [potion of mutation]
 84429 | Zot:4    | Lost mutation: You are robust. (+10% HP) [potion of
                  | mutation]
 84429 | Zot:4    | Lost mutation: You are very weak. (Str -4) [potion of
                  | mutation]
 84429 | Zot:4    | Gained mutation: You are robust. (+10% HP) [potion of
                  | mutation]
 84430 | Zot:4    | Lost mutation: You have hidden genetic potential. [potion
                  | of mutation]
 84430 | Zot:4    | Lost mutation: You occasionally lose the ability to drink
                  | potions when taking damage. [potion of mutation]
 84430 | Zot:4    | Gained mutation: You are covered in fur. (AC +1) [potion of
                  | mutation]
 84430 | Zot:4    | Gained mutation: You are dopey. (Int -2) [potion of
                  | mutation]
 84430 | Zot:4    | Lost mutation: You are dopey. (Int -2) [potion of mutation]
 85180 | Zot:5    | Noticed an orb of fire
 85183 | Zot:5    | Killed an orb of fire
 85269 | Zot:5    | Noticed an ancient lich
 85277 | Zot:5    | Killed an ancient lich
 85295 | Zot:5    | Noticed a dread lich
 85304 | Zot:5    | Killed a dread lich
 85550 | Zot:5    | Killed an orb of fire
 85676 | Zot:5    | Noticed a dread lich
 85686 | Zot:5    | Killed a dread lich
 85716 | Zot:5    | Noticed an ancient lich
 85729 | Zot:5    | Killed an ancient lich
 86080 | Zot:5    | Got the Orb of Zot
 86083 | Zot:5    | Noticed an orb of fire
 86106 | Zot:5    | Noticed a dread lich
 86123 | Zot:5    | Killed an orb of fire
 86124 | Zot:5    | Killed a dread lich
 86128 | Zot:5    | Noticed a dread lich
 86168 | Zot:4    | Noticed Esen the pandemonium lord
 86257 | Zot:2    | Noticed Boris
 86347 | Depths:3 | Killed Grunn
 86922 | D:$      | Escaped with the Orb!

Illustrated notes

Levels and vault maps discovered:
D:1:      dpeg_chamrin_arrival_tetris, layout_loops_ring,
          dreamdust_ecumenical_altar_drowned_temple
D:2:      layout_basic, kennysheep_big_empty_room
D:3:      layout_loops_ring, nicolae_qazlal_eye_of_the_storm,
          minmay_quadrilaterals
D:4:      layout_loops_ring, uniq_blork_the_orc, uniq_pikel
D:5:      layout_loops_corners, gammafunk_ghost_nasty_kobolds, uniq_eustachio
D:6:      layout_loops_corners, nicolae_ru_the_path_less_chosen
D:7:      layout_basic, minmay_temple_entry_waves, enter_bailey_2, serial_shops,
          kennysheep_little_box, nicolae_shop_tiny_waterfront, uniq_duvessa
D:8:      layout_gridville
D:9:      layout_irregular_city, david_lair_generic
D:10:     layout_roguey, mainiacjoe_overflow_alcove_1,
          mainiacjoe_overflow_small_starburst
D:11:     layout_roguey, kennysheep_just_a_vault
D:12:     layout_basic, gauntlet_entry_generic, uniq_fannar
D:13:     kennysheep_room_grid, layout_stronghold, cheibrodos_worm_habitat
D:14:     layout_loops_ring, skrybe_vaults_entry_preservation,
          chequers_serial_rivers_small_b, serial_co_window_serial,
          co_window_cross_1, co_window_corner_a, co_window_paths_b,
          co_window_cross_1, co_window_corner_a, co_window_paths_a,
          co_window_paths_c, co_window_unsneaky_path_d,
          co_window_of_opportunity_b, co_window_of_opportunity_c,
          co_window_paths_e
D:15:     hangedman_depths_entry_try_elsewhere_first, layout_irregular_city,
          nicolae_gozag_zags_fifth_avenue
Temple:   dpeg_five_rooms_temple
Lair:1:   layout_hall_layers, grunt_megastairs_4
Lair:2:   regret_index_wax_grids, layout_loops_ring, nicolae_shoals_entry_roost
Lair:3:   layout_hall_layers, minmay_snake_entry_guardpost_large,
          serial_bayou_shore_b, uniq_urug, uniq_gastronok, uniq_snorg
Lair:4:   layout_gridlike, portal_ice_cave_entry_pillars_2
Lair:5:   wormcave, layout_long_grid, hangedman_lair_caniforms_friends,
          minmay_slime_entry_pillars, lemuel_fruit_fields
Shoals:1: layout_shoals, nicolae_shoals_mertower, uniq_roxanne
Shoals:2: layout_shoals
Shoals:3: layout_shoals, uniq_donald
Shoals:4: shoals_end_hellmonk_lost_city
Snake:1:  layout_misc_corridors, serial_shops, shop, nicolae_snake_lava_pool,
          uniq_josephine, uniq_louise
Snake:2:  layout_cave_shapes, minmay_shoptagon, serial_bayou_shore_a,
          nicolae_triple_integral
Snake:3:  layout_misc_corridors, nicolae_integral_box, minmay_shop_grove
Snake:4:  hellmonk_snake_rune_quicksilver_temple, layout_rooms, uniq_vashnia
Slime:1:  layout_caves, nicolae_slime_barrier
Slime:2:  layout_caves
Slime:3:  layout_caves
Slime:4:  layout_caves
Slime:5
Orc:1:    layout_caves, enter_volcano_4
Orc:2:    st_orc_rangers, layout_caves, basic_altar
Elf:1:    nicolae_elf_arrival_no_cutting_in_line, layout_geoelf_diagonals,
          minivault_28
Elf:2:    nicolae_elf_blades_splatter_lattice
          [nicolae_blade_entry_crossed_weapons], layout_onion_city,
          serial_shops, shop, uniq_jorgrun, uniq_aizul
Elf:3:    minmay_elf_hall_not_hex, layout_geoelf_castle, hangedman_elf_represent
Vaults:1: infiniplex_enter_wizlab_water, hangedman_vaults_locks,
          nicolae_vaults_two_Ls, nicolae_vaults_little_squares_3,
          grunt_vaults_twisty, ontoclasm_vaults_chip,
          nicolae_vaults_closet_pinwheel_3,
          nicolae_vaults_shipping_containers_3, vaults_room_semicircle,
          vaults_room_grunt_arrival_ludios, v_rooms_6,
          ontoclasm_vaults_ligature, nicolae_vaults_storage_room_glass,
          nicolae_vaults_variable_pillar_hall, nicolae_vaults_asterisk,
          layout_vaults_ring, serial_shops, shop
Vaults:2: nicolae_vaults_lopsided_apartments, grunt_vaults_diagonal,
          vaults_room_door_hall, nicolae_vaults_diamond_2,
          nicolae_vaults_hexular_roomagon, layout_vaults_quadrants
Vaults:3: minmay_crypt_entry_vampire_xt, v_misc_8, ontoclasm_vaults_chip,
          v_misc_23, nicolae_vaults_more_shelving_2,
          nicolae_vaults_sightless_eye, nicolae_vaults_sealed_display,
          grunt_vaults_funnel, nicolae_vaults_ninety_degrees, vaults_dpeg_hooks,
          nicolae_vaults_theta, ontoclasm_vaults_ring_small,
          nicolae_vaults_little_squares_4, layout_vaults_omnicross
Vaults:4: nicolae_vaults_trapezoid_2, nicolae_vaults_closet_pinwheel_5,
          nicolae_vaults_stand_back, vaults_standard_mumra_x,
          hangedman_vaults_maws, nicolae_vaults_wrenched,
          nicolae_vaults_apartment_2, v_misc_16, nicolae_vaults_tetromino_Z_2,
          vaults_dpeg_encased_lava, layout_vaults_big_room
Vaults:5: uniq_mennas
Crypt:1:  layout_basic, fountainhead
Crypt:2:  layout_catacombs, hellmonk_ghost_happy_afterlife, uniq_josephina
Crypt:3:  lightli_unholy_cathedral, layout_chaotic_city,
          tomb_entry_pyramid_bobbens
Depths:1: layout_small_grid, serial_shops, nicolae_shop_gaudy_bauble,
          kennysheep_minor_cross, rand_demon_pan_entry_8, hell_entry,
          nicolae_trove_entry_isolated, dispersion_dpeg
Depths:2: wad_pebble_path, layout_gridlike, enter_ziggurat_b, abyss_entry,
          okawaru_ov_weapons_minmay, special_room [special_room_magic_class],
          grunt_hell_entry_dis_old, grunt_pan_entry_spiral,
          serial_sigils_hangedman_stare, evilmike_ambush
          [evilmike_ambush_outer_doors, evilmike_ambush_inner_basic],
          infiniplex_staircase_pool_2, uniq_saint_roka, uniq_mara
Depths:3: grunt_deathspiral_small, layout_basic,
          hangedman_abyss_or_decor_passed, abyss_entry_glasseish,
          gammafunk_ghost_ooze, hell_entry, grunt_ministairs_2, uniq_grunn
Depths:4: grunt_crosshair, layout_honeycomb, hangedman_coc_ice_floe,
          hangedman_decor_push
Zot:1:    gammafunk_dig_for_victory, layout_onion
Zot:2:    layout_basic, nicolae_transporter_intersection
Zot:3:    layout_gridville, gammafunk_ghost_abyssal_escape
Zot:4:    layout_gridlike, nicolae_shop_clearance
Zot:5:    layout_gridlike, skrybe_zot_glass_3

Skill      XL: |  1  2  3  4  5  6  7  8  9 10 11 12 13 14 15 16 17 18 19 20 21 22 23 24 25 26 27 |
---------------+----------------------------------------------------------------------------------+-----
Dodging        | 2 3 4 5 7 8 9 10 11 12 13 14 15 16 17 | 17.7
Conjurations   | 5 6 7 8 9 10 11 12 13 14 15 16 17 18 | 18.6
Fighting       | 1 2 3 4 5 6 8 9 10 11 12 13 14 15 16 17 18 19 20 22 | 22.9
Short Blades   | 1 2 3 4 5 |  5.0
Shields        | 1 2 3 4 6 8 10 11 12 14 | 14.1
Spellcasting   | 3 4 5 7 8 10 11 12 13 15 16 17 18 19 20 | 20.5
Hexes          | 1 2 3 4 |  4.0
Air Magic      | 1 2 3 4 5 |  5.0
Poison Magic   | 2 5 7 8 |  8.0
Maces & Flails | 2 |  2.4
Staves         | 4 8 11 13 | 13.8
Evocations     | 2 4 5 6 7 8 9 10 11 12 13 14 15 | 15.0
Fire Magic     | 1 3 4 5 |  5.0
Ice Magic      | 2 4 5 |  5.0
Stealth        | 2 4 6 7 8 14 | 14.2
Earth Magic    | 1 4 6 8 9 11 12 14 17 19 20 21 25 | 25.7
Summonings     | 2 4 6 8 |  8.0

Action                     |  1- 3 |  4- 6 |  7- 9 | 10-12 | 13-15 | 16-18 | 19-21 | 22-24 | 25-27 || total
---------------------------+-------+-------+-------+-------+-------+-------+-------+-------+-------++-------
  Melee: Spear             |     9 |     2 |       |       |       |       |       |       |       ||    11
         Tailslap          |     1 |     4 |    22 |    51 |    73 |    40 |   115 |   145 |    84 ||   535
         Dagger            |       |    41 |   168 |   304 |    22 |       |       |       |       ||   535
         Staff             |       |       |       |       |   440 |   254 |   474 |   526 |   309 ||  2003
         Eveningstar       |       |       |       |       |    42 |       |       |       |       ||    42
  Throw: Dart              |       |     3 |       |       |       |       |       |       |       ||     3
   Cast: Magic Dart        |    50 |    72 |   117 |    53 |     9 |       |       |       |       ||   301
         Searing Ray       |     1 |    20 |    48 |    49 |     2 |       |       |       |       ||   120
         Fulminant Prism   |       |       |     8 |    39 |     9 |       |       |       |       ||    56
         Mephitic Cloud    |       |       |     1 |    23 |    23 |     7 |    14 |     3 |       ||    71
         Olgreb's Toxic Ra |       |       |       |    43 |   159 |    41 |    16 |     5 |       ||   264
         Arcjolt           |       |       |       |    11 |    83 |    67 |    38 |    11 |     3 ||   213
         Fireball          |       |       |       |       |   105 |   184 |    32 |     4 |       ||   325
         Freezing Cloud    |       |       |       |       |   109 |   149 |    69 |    66 |     6 ||   399
         Plasma Beam       |       |       |       |       |    28 |    16 |     4 |       |     1 ||    49
         Spellforged Servi |       |       |       |       |       |     9 |    58 |    68 |    46 ||   181
         Lehudib's Crystal |       |       |       |       |       |       |   148 |   224 |   168 ||   540
         Shatter           |       |       |       |       |       |       |       |    19 |   155 ||   174
Ability: Evoke Blink       |       |       |       |       |       |       |       |       |     1 ||     1
  Evoke: Wand              |       |       |       |       |     3 |    11 |       |    17 |    42 ||    73
         Box of beasts     |       |       |       |       |       |     4 |     2 |     1 |     1 ||     8
         Phial of floods   |       |       |       |       |       |     1 |       |       |       ||     1
         Tin of tremorston |       |       |       |       |       |       |       |     2 |       ||     2
         Lightning rod     |       |       |       |       |       |       |       |       |     1 ||     1
    Use: Scroll            |       |     7 |    10 |     4 |    17 |     5 |     9 |    22 |    17 ||    91
         Potion            |       |     5 |     1 |       |       |     4 |     6 |    14 |    12 ||    42
   Stab: Sleeping          |       |     2 |       |       |     2 |     3 |     1 |     3 |       ||    11
         Confused          |       |       |       |     6 |     1 |       |     3 |       |       ||    10
         Distracted        |       |       |       |       |       |       |     5 |    12 |     5 ||    22
 Armour: Skin              |     3 |    33 |   107 |   216 |   334 |   181 |   195 |   245 |   135 ||  1449
  Dodge: Dodged            |     6 |    47 |   110 |   216 |   454 |   186 |   245 |   332 |   272 ||  1868
  Block: Buckler           |       |     9 |    40 |    77 |   211 |   114 |   152 |   257 |   178 ||  1038
         Kite shield       |       |       |       |       |       |    10 |       |       |       ||    10
         Reflection        |       |       |       |       |       |    43 |    36 |    32 |    30 ||   141

Table legend: (Time is in decaauts)
 A = Elapsed time spent in this place.
 B = Non-inter-level travel time spent in this place.
 C = Inter-level travel time spent in this place.
 D = Time resting spent in this place.
 E = Time spent auto-exploring this place.
 F = Levels seen in this place.
 G = Mean time per level.
                   A        B        C        D        E       F      G
               +--------+--------+--------+--------+--------+-----+--------+
         Total |  86376 |  80501 |   5875 |  23673 |  37242 |  78 | 1107.4 |
       Dungeon |  19254 |  17195 |   2059 |   2508 |  11450 |  15 | 1283.6 |
        Temple |    137 |     81 |     56 |      0 |      0 |   1 |  137.0 |
          Lair |   9889 |   9302 |    587 |   2002 |   4882 |   5 | 1977.8 |
        Shoals |   5402 |   4971 |    431 |   1468 |   2788 |   4 | 1350.5 |
     Snake Pit |   6078 |   5857 |    221 |   1916 |   2567 |   4 | 1519.5 |
    Slime Pits |   2426 |   2304 |    122 |   1148 |      0 |   5 |  485.2 |
  Orcish Mines |   1620 |   1434 |    186 |     44 |    998 |   2 |  810.0 |
   Elven Halls |   5016 |   4757 |    259 |   1461 |   1731 |   3 | 1672.0 |
        Vaults |   9329 |   8749 |    580 |   2410 |   4231 |   5 | 1865.8 |
         Crypt |   4323 |   4092 |    231 |   1019 |   2266 |   3 | 1441.0 |
        Depths |  10069 |   9269 |    800 |   4020 |   3261 |   4 | 2517.2 |
           Zot |   7730 |   7392 |    338 |   3382 |   2542 |   5 | 1546.0 |
      Ziggurat |   1951 |   1951 |      0 |    946 |    108 |  16 |  121.9 |
         Trove |     82 |     82 |      0 |      0 |      0 |   1 |   82.0 |
        Bailey |    744 |    744 |      0 |    329 |      0 |   1 |  744.0 |
      Ice Cave |   1143 |   1143 |      0 |    666 |    193 |   1 | 1143.0 |
       Volcano |    184 |    184 |      0 |    119 |      0 |   1 |  184.0 |
        Wizlab |    619 |    619 |      0 |    174 |    219 |   1 |  619.0 |
      Gauntlet |    371 |    371 |      0 |     58 |      6 |   1 |  371.0 |
               +--------+--------+--------+--------+--------+-----+--------+

Top non-repeatable levels by time:
Depths:3: 3578 daAuts
  Lair:5: 2794 daAuts
Depths:2: 2759 daAuts
Depths:4: 2557 daAuts
  Lair:2: 2382 daAuts
Vaults:1: 2281 daAuts
Vaults:3: 2252 daAuts
   Zot:4: 2166 daAuts
 Snake:3: 2031 daAuts
   Elf:2: 1953 daAuts
 Crypt:3: 1909 daAuts
 Snake:4: 1900 daAuts
    D:14: 1891 daAuts
Shoals:3: 1858 daAuts
  Lair:3: 1842 daAuts
